[Event "TePe Sigeman & Co Chess Tournament 2024"]
[Site "Elite Plaza Hotel, Gustav Adolfs Torg 49, Malmo, Sweden"]
[Date "2024.04.28"]
[Round "2.1"]
[White "Maurizzi, Marc Andria"]
[Black "Korobov, Anton"]
[Result "0-1"]
[TimeControl "90 minutes for 40 moves + 30 minutes for the rest of the game + 30 seconds per move from move one."]
[WhiteTitle "GM"]
[BlackTitle "GM"]
[WhiteFideId "36083534"]
[BlackFideId "14105730"]
[WhiteElo "2605"]
[BlackElo "2651"]

1. d4 Nf6 2. c4 e6 3. g3 d5 4. Bg2 dxc4 5. Nf3 a6 6. O-O Nc6 7. a4 Rb8 8. a5 Bb4 9. Na3 Bxa5 10.
Nxc4 Bb4 11. Nfe5 Nxe5 12. dxe5 Qxd1 13. Rxd1 Nd5 14. Ne3 Nb6 15. Bd2 Bxd2 16. Rxd2 Ke7 17. Rc1 c6 18. Rd3 Bd7 19.
Rb3 Na4 20. Ra3 b5 21. Ra2 Ra8 22. Nc2 Ra7 23. Ne1 Rc8 24. b3 Nb6 25. Nd3 a5 26. Be4 a4 27. f4 a3 28. b4 Ra4 29.
Kf2 Nc4 30. Rb1 h6 31. Nc5 Ra7 32. Rb3 Rca8 33. Ke1 f6 34. exf6+ gxf6 35. Bd3 Nb6 36. Bc2 Be8 37. Re3 Nd5 38.
Rxe6+ Kf8 39. Bb3 Nxb4 40. Ra1 Bf7 41. Rxf6 Kg7 42. Rxf7+ Rxf7 43. Bxf7 Nc2+ 44. Kd2 Nxa1 45. Ba2 b4 46. Kc1 b3 47. Kb1 Nc2 48.
Bxb3 Nb4 49. e4 a2+ 50. Ka1 Ra5 51. Ne6+ Kh8 52. f5 Re5 53. f6 Rxe4 54. Bxa2 Re1+ 55. Kb2 Kg8 56. Bc4 Kf7 57.
Kb3 Rb1+ 58. Kc3 Kxf6 59. Nf4 Ke5 60. Ng6+ Ke4 61. Ne7 c5 62. Bf7 Rc1+ 63. Kb3 Nd3 64. Bg6+ Ke3 65. Nf5 Kd2 66.
Nd6 Rb1+ 67. Ka2 Rb8 68. Ka3 Kc3 69. Ka4 Nb2+ 0-1

[ePGN "0.1;DGT LiveChess/2.2.6"]

[Event "TePe Sigeman & Co Chess Tournament 2024"]
[Site "Elite Plaza Hotel, Gustav Adolfs Torg 49, Malmo, Sweden"]
[Date "2024.04.28"]
[Round "2.2"]
[White "Ju, Wenjun"]
[Black "Svidler, Peter"]
[Result "0-1"]
[TimeControl "90 minutes for 40 moves + 30 minutes for the rest of the game + 30 seconds per move from move one."]
[WhiteTitle "GM"]
[BlackTitle "GM"]
[WhiteFideId "8603006"]
[BlackFideId "4102142"]
[WhiteElo "2559"]
[BlackElo "2689"]

1. d4 d6 2. g3 g6 3. Bg2 Bg7 4. Nf3 Nd7 5. O-O e5 6. dxe5 dxe5 7. Nc3 Ngf6 8. Nd2 O-O 9. Nc4 Re8 10.
a4 e4 11. a5 Qe7 12. Be3 Nc5 13. Qd4 Na6 14. Qd1 Be6 15. Nd2 Ng4 16. Ndxe4 Nxe3 17. fxe3 Rad8 18. Qc1 c6 19. Ra3 Bf5 20.
h3 h5 21. Kh1 Nc5 22. Nxc5 Qxc5 23. e4 Be6 24. Nd1 Qb5 25. Nc3 Qe5 26. Qe3 Bf8 27. Raa1 Bd6 28. Qf4 g5 29. Qxe5 Bxe5 30.
Rf3 g4 31. hxg4 hxg4 32. Rd3 Bc4 33. Rxd8 Rxd8 34. Bf1 Rd2 35. Rc1 Bxg3 36. Nb1 Rd8 37. e3 Be6 38. Kg2 Be5 39. c3 Kg7 40.
Be2 Bc7 41. a6 bxa6 42. Bxa6 Rh8 43. Rh1 Rb8 44. b4 c5 45. b5 Kg6 46. Kf2 Be5 47. Ke2 Bc4+ 48. Kd1 Bd3 49. Nd2 Bxc3 50.
Rg1 Kh5 0-1

[ePGN "0.1;DGT LiveChess/2.2.6"]

[Event "TePe Sigeman & Co Chess Tournament 2024"]
[Site "Elite Plaza Hotel, Gustav Adolfs Torg 49, Malmo, Sweden"]
[Date "2024.04.28"]
[Round "2.3"]
[White "Abdusattorov, Nodirbek"]
[Black "Erigaisi, Arjun"]
[Result "1/2-1/2"]
[TimeControl "90 minutes for 40 moves + 30 minutes for the rest of the game + 30 seconds per move from move one."]
[WhiteTitle "GM"]
[BlackTitle "GM"]
[WhiteFideId "14204118"]
[BlackFideId "35009192"]
[WhiteElo "2765"]
[BlackElo "2756"]

1. c4 c6 2. Nf3 d5 3. d4 Nf6 4. e3 Bf5 5. Nc3 e6 6. Nh4 Bg6 7. Bd2 Nbd7 8. cxd5 exd5 9. Nxg6 hxg6 10.
h4 Bb4 11. Bd3 Qe7 12. a3 Bxc3 13. Bxc3 Ne4 14. Bb4 Qe6 15. a4 g5 16. h5 g4 17. Qc2 g3 18. Bxe4 gxf2+ 19. Qxf2 dxe4 20.
O-O-O Nb6 21. Rdf1 Nd5 22. Bd2 f6 23. a5 O-O-O 24. a6 bxa6 25. Kb1 Nb6 26. h6 Rd7 27. Ba5 Kb7 28. hxg7 Rxh1 29.
Rxh1 Rxg7 30. Rh8 Qb3 31. Qf4 Qd1+ 32. Ka2 Qa4+ 33. Kb1 Qd1+ 34. Ka2 Qa4+ 35. Kb1 Qd1+ 1/2-1/2

[ePGN "0.1;DGT LiveChess/2.2.6"]

[Event "TePe Sigeman & Co Chess Tournament 2024"]
[Site "Elite Plaza Hotel, Gustav Adolfs Torg 49, Malmo, Sweden"]
[Date "2024.04.28"]
[Round "2.4"]
[White "Keymer, Vincent"]
[Black "Grandelius, Nils"]
[Result "1-0"]
[TimeControl "90 minutes for 40 moves + 30 minutes for the rest of the game + 30 seconds per move from move one."]
[WhiteTitle "GM"]
[BlackTitle "GM"]
[WhiteFideId "12940690"]
[BlackFideId "1710400"]
[WhiteElo "2726"]
[BlackElo "2664"]

1. d4 d5 2. c4 c6 3. Nf3 Nf6 4. Nc3 e6 5. e3 a6 6. h3 Nbd7 7. Qc2 b6 8. b3 Bb7 9. Bb2 dxc4 10.
bxc4 Bb4 11. a3 Ba5 12. e4 c5 13. d5 exd5 14. exd5 O-O 15. Be2 b5 16. O-O bxc4 17. Bxc4 Nb6 18.
Ba2 c4 19. Rad1 Re8 20. Rd4 h6 21. Rfd1 Rc8 22. Bb1 Qe7 23. d6 Qd7 24. Rf4 Bxc3 25. Bxc3 Be4 26. Qc1 Nbd5 27. Rxd5 Nxd5 28.
Bxe4 Nxc3 29. Qxc3 Qxd6 30. g3 Qd1+ 31. Kg2 Qb3 32. Qd4 Qxa3 33. Bd5 Rc7 34. Ne5 Rf8 35. Bxc4 Qc5 36. Qxc5 Rxc5 37.
Nd7 1-0